 Dungeon Crawl Stone Soup version 0.25.0-11-g1f837a76a1 (webtiles) character file.

Game seed: 266677441124008755

2937 Delamore the Fighter (level 9, 0/62 HPs)
             Began as a Gargoyle Fighter on June 26, 2020.
             Was an Elder of Okawaru.
             Slain by an orc warrior
             ... wielding a +0 mace
              (15 damage)
             ... on level 7 of the Dungeon.
             The game lasted 00:06:17 (6731 turns).

Delamore the Fighter (Gargoyle Fighter)             Turns: 6731, Time: 00:06:18

Health: 0/62       AC: 17    Str: 29    XL:     9   Next: 80%
Magic:  9/9        EV:  6    Int:  9    God:    Okawaru [****..]
Gold:   331        SH: 10    Dex:  9    Spells: 8/8 levels left

rFire    . . .     SeeInvis .   B - +1 whip (freeze)
rCold    + . .     Gourm    .   c - +0 kite shield
rNeg     + . .     Faith    +   g - +0 chain mail
rPois    ∞         Spirit   .   (no helmet)
rElec    +         Reflect  .   v - +0 cloak
rCorr    .         Harm     .   (no gloves)
MR       .....                  i - +0 pair of boots
Stlth    ..........             k - amulet of faith
HPRegen  0.20/turn              n - +6 ring of strength
MPRegen  0.11/turn              G - ring of protection from cold

@: marked
A: negative energy resistance 1, electricity resistance, unbreathing,
petrification resistance, rot immunity, AC +6
a: Heroism, Renounce Religion


You were on level 7 of the Dungeon.
You worshipped Okawaru.
Okawaru was greatly pleased with you.
You were not hungry.

You visited 1 branch of the dungeon, and saw 8 of its levels.

You collected 343 gold pieces.
You spent 12 gold pieces at shops.

Inventory:

Hand Weapons
 a - a +0 flail
 B - a +1 whip of freezing (weapon)
Missiles
 e - 11 poisoned darts (quivered)
Armour
 b - a +0 scale mail
 c - a +0 kite shield (worn)
 g - a +0 chain mail (worn)
 i - a +0 pair of boots (worn)
 v - a +0 cloak (worn)
Jewellery
 k - an amulet of faith (around neck)
 n - a +6 ring of strength (left hand)
 q - an uncursed ring of flight
 C - an uncursed ring of poison resistance
 D - an uncursed ring of fire
 G - a ring of protection from cold (right hand)
Scrolls
 j - 7 scrolls of remove curse
 m - 2 scrolls of fear {unknown}
 r - 4 scrolls of amnesia {unknown}
 t - a scroll of fog
 w - 2 scrolls of magic mapping {unknown}
 x - 3 scrolls of teleportation
 y - a scroll of immolation
 z - a scroll of identify
 E - 2 scrolls of enchant weapon
Potions
 d - 2 potions of might
 h - 3 potions of curing
 l - 4 potions of flight
 o - a potion of heal wounds
 p - 2 potions of degeneration
 s - 4 potions of haste
 u - a potion of invisibility {unknown}
 A - 3 potions of mutation
 F - 3 potions of lignification
Comestibles
 f - 12 rations


   Skills:
 - Level 9.8 Fighting
 + Level 9.6 Maces & Flails
 - Level 3.2 Armour
 + Level 5.5 Shields


You had 8 spell levels left.
You didn't know any spells.
Your spell library was empty.

Dungeon Overview and Level Annotations

Branches:
Dungeon (8/15)             Temple (0/1) D:7
   Lair: D:8-11

Altars:
Ashenzari
Dithmenos
Gozag
Hepliaklqana
Makhleb
Nemelex Xobeh
Okawaru
Qazlal
Sif Muna
Wu Jian
Xom
Yredelemnul
Zin
The Shining One

Shops:
D:4 !   D:5 }

Annotations:
D:7 2 transporters, thethe's ghost, novice TrFi


Innate Abilities, Weirdness & Mutations

You are resistant to torment.
Your stone body is resilient. (AC +6)
You are immune to poison.
You resist negative energy. (rN+)
You are resistant to electric shocks. (rElec)
You can survive without breathing.
You are immune to petrification.
You are immune to rotting.


Message History

The orc warrior is heavily wounded.
The orc warrior hits you with a +0 mace.
* * * LOW HITPOINT WARNING * * *
You hit the orc warrior but do no damage.
The orc warrior is heavily wounded.
You hit the orc warrior. You freeze the orc warrior.
The orc warrior is severely wounded.
The orc warrior hits you but does no damage.
You closely miss the orc warrior.
The orc warrior is severely wounded.
You completely miss the orc warrior.
The orc warrior is severely wounded.
The orc warrior hits you with a +0 mace.
* * * LOW HITPOINT WARNING * * *
You hit the orc warrior but do no damage.
The orc warrior is severely wounded.
You hit the orc warrior but do no damage.
The orc warrior is severely wounded.
The orc warrior hits you with a +0 mace!
You die...

#.# #.......# #.# #.#
#.(.....# #.#
#.###.....>.# #.#
#...#.......# #.#
###.#.......# #.##
#[#.......# #..#
#.#..oFS..# ##.#
#.####o###### #.# #.#
#@####.####.#
#########.####.....#.).#.#
#
#.......#.#.......###....#
#
#.#####.#.#..###...#.#.###
#
###.#####.#......#..#.##.#
#
.......##.###..#.........#
# ....##.##.#
#..#.#..####.# #
÷##.##.##.# #.......####.#
# .##.......#
###..[.......#


You could see an orc warrior, a bullfrog, an adder and an orc.

Vanquished Creatures
  Pikel (D:5)
  A hornet (D:7)
  Prince Ribbit (D:6)
  Eustachio (D:4)
  A hungry ghost (D:7)
  Menkaure (D:7)
  A black bear (D:7)
  An ogre (D:4)
  A phantom (D:4)
  A centaur (D:6)
  2 bullfrogs
  2 scorpions
  3 killer bees (D:7)
  2 howler monkeys
  2 crimson imps
  A centaur zombie (D:5)
  A bullfrog zombie (D:5)
  5 hounds
  4 orc wizards
  2 orc priests (D:7)
  A bullfrog skeleton (D:6)
  2 jellies (D:7)
  2 iguanas
  6 worker ants
  A killer bee zombie (D:5)
  A hound skeleton (D:3)
  A howler monkey zombie (D:2)
  A worker ant zombie (D:6)
  7 adders
  A shadow imp (D:7)
  A white imp (D:6)
  An ooze (D:1)
  2 adder skeletons
  2 worms
  A dart slug (D:2)
  3 leopard geckos
  12 orcs
  3 ball pythons
  10 bats
  5 giant cockroaches
  8 goblins
  4 hobgoblins
  6 jackals
  A kobold (D:1)
  7 frilled lizards
  A giant cockroach zombie (D:5)
  A goblin skeleton (D:6)
  3 goblin zombies (D:6)
  2 jackal skeletons
  A kobold zombie (D:6)
  2 orc skeletons (D:6)
  An orc zombie (D:6)
  7 rats
141 creatures vanquished.

Vanquished Creatures (others)
  A slave (D:5)
  A crimson imp (D:5)
  An orc wizard (D:5)
  3 orcs (D:5)
6 creatures vanquished.

Grand Total: 147 creatures vanquished

Notes
Turn   | Place    | Note
-------+----------+-------------------------------------------
     0 | D:1      | Delamore the Gargoyle Fighter began the quest for the Orb.
     0 | D:1      | Reached XP level 1. HP: 14/14 MP: 1/1
    91 | D:1      | Reached XP level 2. HP: 19/19 MP: 2/2
   820 | D:2      | Reached XP level 3. HP: 24/24 MP: 3/3
   918 | D:2      | Found a shattered altar of Ashenzari.
  1065 | D:2      | Reached XP level 4. HP: 30/30 MP: 4/4
  1965 | D:3      | Found a shadowy altar of Dithmenos.
  2038 | D:3      | Reached XP level 5. HP: 32/34 MP: 5/5
  2141 | D:3      | Reached skill level 5 in Fighting
  2454 | D:4      | Noticed an ogre
  2464 | D:4      | Killed an ogre
  2464 | D:4      | Reached XP level 6. HP: 14/41 MP: 6/6
  2709 | D:4      | Reached skill level 5 in Maces & Flails
  3035 | D:4      | Reached XP level 7. HP: 41/47 MP: 7/7
  3231 | D:4      | Found Bogy's Distillery.
  3242 | D:4      | Bought a potion of degeneration for 12 gold pieces
  3342 | D:4      | Found a glowing silver altar of Zin.
  3422 | D:4      | Found an iron altar of Okawaru.
  3517 | D:4      | Became a worshipper of Warmaster Okawaru
  3581 | D:4      | Noticed Eustachio
  3614 | D:4      | Killed Eustachio
  3719 | D:5      | Entered Level 5 of the Dungeon
  3720 | D:5      | Noticed Pikel
  3745 | D:5      | Killed Pikel
  3745 | D:5      | Reached * piety under Okawaru
  3745 | D:5      | Reached ** piety under Okawaru
  3745 | D:5      | Reached XP level 8. HP: 41/55 MP: 8/8
  3959 | D:5      | Found an ornate altar of the Wu Jian Council.
  4008 | D:5      | Found Ebiur's Gadget Shoppe.
  4017 | D:5      | Found a stormy altar of Qazlal.
  4017 | D:5      | Noticed an air elemental
  4278 | D:5      | Noticed a water elemental
  4411 | D:5      | Found a shimmering altar of Xom.
  4412 | D:5      | Found a burning altar of Makhleb.
  4588 | D:6      | Reached *** piety under Okawaru
  4618 | D:6      | Noticed Prince Ribbit
  4631 | D:6      | Killed Prince Ribbit
  4631 | D:6      | Reached XP level 9. HP: 57/60 MP: 9/9
  4652 | D:6      | Found a glowing golden altar of the Shining One.
  5023 | D:6      | Found an opulent altar of Gozag.
  5024 | D:6      | Found a sparkling altar of Nemelex Xobeh.
  5447 | D:7      | Noticed a hornet
  5495 | D:7      | Killed a hornet
  5731 | D:7      | Found a transporter.
  5847 | D:7      | Noticed Menkaure
  5862 | D:7      | Killed Menkaure
  5862 | D:7      | Reached **** piety under Okawaru
  5862 | D:7      | Reached skill level 5 in Shields
  5998 | D:7      | Noticed thethe's ghost (novice TrFi)
  6007 | D:7      | Noticed a moth of wrath
  6050 | D:7      | Found a transporter.
  6136 | D:7      | Found a shimmering blue altar of Sif Muna.
  6155 | D:7      | Found a basalt altar of Yredelemnul.
  6155 | D:7      | Found a hazy altar of Hepliaklqana.
  6343 | D:7      | Found a staircase to the Ecumenical Temple.
  6731 | D:7      | Slain by an orc warrior

Illustrated notes

Levels and vault maps discovered:
D:1:      lemuel_arrival_funnel, layout_basic
D:2:      layout_loops_cross, evilmike_ruin_ashenzari, first_ration
D:3:      layout_basic, overflow_temple_1_default
D:4:      layout_loops_cross, lemuel_round_altar, lemuel_round_altar,
          serial_shops, nicolae_shop_stone, uniq_eustachio
D:5:      layout_rooms, grunt_temple_overflow_champion_of_chaos,
          nicolae_qazlal_style_of_elements, old_standard_altar, serial_shops,
          shop, uniq_pikel
D:6:      kennysheep_spiral_hall, layout_cave_pods,
          grunt_temple_overflow_opulence, nicolae_tso_besieged_by_evil,
          hex_tiny, uniq_prince_ribbit1
D:7:      layout_loops_cross, lemuel_round_altar,
          gammafunk_temple_overflow_elements, temple_green,
          gammafunk_ghost_berserking_beasts, uniq_menkaure
D:8:      layout_rooms, the_bakery, hangedman_decor_push, uniq_maurice

Skill      XL: |  1  2  3  4  5  6  7  8  9 |
---------------+----------------------------+-----
Fighting       | 4 5 6 8 9 |  9.8
Maces & Flails | 3 4 5 7 8 9 |  9.6
Shields        | 5 |  5.5
Armour         | |  3.2

Action                   |  1- 3 |  4- 6 |  7- 9 || total
-------------------------+-------+-------+-------++-------
Melee: Flail             |    98 |   181 |   100 ||   379
       Whip              |       |       |   371 ||   371
  Use: Scroll            |       |     6 |     6 ||    12
       Potion            |       |       |     1 ||     1
  Eat: Chunk             |     1 |     6 |     9 ||    16
       Ration            |       |       |     2 ||     2
Armor: Scale mail        |    39 |     5 |       ||    44
       Chain mail        |       |    80 |   218 ||   298
Dodge: Dodged            |    31 |    35 |   107 ||   173
Block: Kite shield       |    46 |    85 |   207 ||   338
